 Dungeon Crawl Stone Soup version 0.27.1 (webtiles) character file.

Game seed: 18170823409735240502

39231 ZARRMARR the Cleaver (level 14, 0/130 HPs)
             Began as a Hill Orc Monk on Aug 25, 2021.
             Was a Priest of Beogh.
             Slain by an eight-headed hydra (9 damage)
             ... on level 5 of the Lair of Beasts on Aug 26, 2021.
             The game lasted 01:43:42 (23926 turns).

ZARRMARR the Cleaver (Hill Orc Monk)               Turns: 23926, Time: 01:43:42

Health: 0/130      AC: 18    Str: 19    XL:     14   Next: 5%
Magic:  23/23      EV: 11    Int: 10    God:    Beogh [***...]
Gold:   2400       SH:  6    Dex: 13    Spells: 13/13 levels left

rFire    + . .     SeeInvis +   H - +2 morningstar (freeze)
rCold    + + .     Faith    .   o - +0 buckler
rNeg     . . .     Spirit   .   L - +3 swamp dragon scales
rPois    +         Reflect  .   b - +2 hat {SInv}
rElec    .         Harm     .   Z - scarf {rC+ rF+}
rCorr    +         Rampage  .   d - +0 pair of gloves
Will     +....                  j - +0 pair of boots
Stlth    +.........             t - amulet of the acrobat
HPRegen  0.31/turn              i - ring of resist corrosion
MPRegen  0.18/turn              c - ring of protection from cold

@: mighty, studying Fighting, very slow
A: no striking features
a: Renounce Religion, Smiting


You were on level 5 of the Lair of Beasts.
You worshipped Beogh.
Beogh was most pleased with you.
You visited 3 branches of the dungeon, and saw 16 of its levels.
You also visited: Ossuary and Volcano.

You collected 2400 gold pieces.

Inventory:

Hand Weapons
 z - a +2 vampiric hand axe
 H - a +2 morningstar of freezing (weapon)
 O - a +2 war axe of holy wrath
 P - a +2 demon trident of flaming
 W - the +7 long sword of Cozy {vorpal, *Slow rCorr Dex+6 Stlth+}
   (You found it on level 8 of the Dungeon)

   It inflicts extra damage upon your enemies.
   Dex:       It affects your dexterity (+6).
   rCorr:     It protects you from acid and corrosion.
   *Slow:     It may slow you when you take damage.
   Stlth:     It makes you more stealthy.
Missiles
 B - 10 boomerangs (quivered)
Armour
 b - a +2 hat of see invisible (worn)
 d - a +0 pair of gloves (worn)
 j - a +0 pair of boots (worn)
 o - a +0 buckler (worn)
 L - +3 swamp dragon scales (worn)
 Z - a scarf of resistance (worn)
Magical Staves
 U - a staff of poison
Jewellery
 c - a ring of protection from cold (right hand)
 i - a ring of resist corrosion (left hand)
 s - a ring of flight
 t - an amulet of the acrobat (around neck)
 u - a ring of protection from fire
 y - a ring of protection from fire
 J - a ring of ice
Wands
 e - a wand of charming (4)
 C - a wand of iceblast (13)
 F - a wand of flame (27)
 N - a wand of mindburst (24)
 S - a wand of digging (10)
Scrolls
 a - 4 scrolls of magic mapping
 f - 3 scrolls of vulnerability
 p - 2 scrolls of teleportation
 r - 5 scrolls of immolation
 w - 4 scrolls of enchant weapon
 G - 4 scrolls of fear
 I - 3 scrolls of blinking
 Q - a scroll of torment {unknown}
 R - 2 scrolls of amnesia
 T - a scroll of summoning {unknown}
 X - a scroll of fog {unknown}
 Y - 2 scrolls of brand weapon {unknown}
Potions
 g - 3 potions of flight {unknown}
 h - 3 potions of resistance
 k - 7 potions of curing {unknown}
 l - 3 potions of invisibility {unknown}
 m - 3 potions of attraction {unknown}
 n - 3 potions of lignification {unknown}
 q - a potion of mutation {unknown}
 v - 2 potions of haste
 x - 2 potions of might
 D - 6 potions of brilliance {unknown}
 K - 2 potions of magic {unknown}
 M - 2 potions of heal wounds
Miscellaneous
 E - a condenser vane


   Skills:
 + Level 13.7 Fighting
 - Level 14.0(16.2) Axes
 + Level 12.2(14.0) Maces & Flails
 + Level 9.9 Armour
 - Level 2.6 Dodging
 - Level 1.7 Stealth
 + Level 7.7 Shields
 * Level 12.5 Invocations


You had 13 spell levels left.
You didn't know any spells.
Your spell library contained the following spells:

 Spells                   Type           Power      Damage    Failure   Level
 Foxfire                  Conj/Fire      0%         2x1d4     52%         1
 Corpse Rot               Necr/Air       N/A        N/A       65%         2
 Poisonous Vapours        Pois/Air       0%         N/A       65%         2
 Static Discharge         Conj/Air       0%         N/A       65%         2
 Conjure Flame            Conj/Fire      0%         6-21      87%         3
 Inner Flame              Hex/Fire       0%         N/A       87%         3
 Freezing Cloud           Conj/Ice/Air   0%         6-21      100%        5
 Lightning Bolt           Conj/Air       0%         1d11      100%        5
 Borgnjor's Revivificati  Necr           0%         N/A       100%        8
 Maxwell's Capacitive Co  Air            0%         ∞         100%        8
 Necromutation            Tmut/Necr      0%         N/A       100%        8
 Death's Door             Necr           0%         N/A       100%        9


Dungeon Overview and Level Annotations

Branches:
Dungeon (10/15)            Temple (1/1) D:4            Lair (5/6) D:10
  Swamp (0/4) Lair:2        Snake (0/4) Lair:4          Orc (0/2) D:9
Ossuary (visited)         Volcano (visited)
  Slime: Lair:5-6

Altars:
Ashenzari
Cheibriados
Dithmenos
Elyvilon
Fedhas
Gozag
Hepliaklqana
Kikubaaqudgha
Makhleb
Nemelex Xobeh
Okawaru
Qazlal
Ru
Sif Muna
Trog
Uskayaw
Vehumet
Wu Jian
Xom
Yredelemnul
Zin
The Shining One


Message History

The electric eel shoots out a bolt of lightning at you!
The bolt of electricity misses you.
Morguth shoots a bolt.
The bolt barely misses the eight-headed hydra.
You impale the eight-headed hydra!! You freeze the eight-headed hydra.
The eight-headed hydra is heavily wounded.
The eight-headed hydra bites you. x3
You block the eight-headed hydra's attack. x2
The eight-headed hydra bites you. x3
The electric eel shoots out a bolt of lightning at you!
The bolt of electricity hits you.
The bolt of electricity hits your orc priest!
Your swamp dragon scales prevents you from hitting the eight-headed hydra.
The eight-headed hydra is moderately wounded.
Garbold roars a battlecry!
Morguth goes into a battle-frenzy!
The eight-headed hydra bites you!
You block the eight-headed hydra's attack.
The eight-headed hydra completely misses you.
The eight-headed hydra bites you!
* * * LOW HITPOINT WARNING * * *
The eight-headed hydra barely misses you.
The eight-headed hydra closely misses you.
You block the eight-headed hydra's attack.
The eight-headed hydra bites you!
* * * LOW HITPOINT WARNING * * *
Your orc priest hits the eight-headed hydra with a +0 mace!
Your unstable footing causes you to fumble your attack.
The electric eel shoots out a bolt of lightning at you!
The bolt of electricity hits you.
* * * LOW HITPOINT WARNING * * *
The bolt of electricity hits your orc priest!
Morguth shoots a bolt.
The bolt hits the eight-headed hydra!!
The eight-headed hydra bites you!
* * * LOW HITPOINT WARNING * * *
The eight-headed hydra bites you but does no damage.
The eight-headed hydra closely misses you.
The eight-headed hydra barely misses you.
The eight-headed hydra bites you but does no damage. x2
The eight-headed hydra bites you!
You die...

##................≈≈≈
#...............≈≈≈≈≈≈≈
##..............≈≈≈≈≈≈≈
##.............≈≈≈≈;≈≈≈
#...........?.≈≈≈≈≈≈≈≈≈
..............o≈≈≈≈≈≈≈≈.
..............>≈o≈≈≈≈≈≈.
................o≈≈≈≈≈≈.
................@D≈≈≈≈≈.
.....PP.........o≈≈≈≈≈≈.
#.....PP#..#.P#....≈≈≈≈≈
#.....P####.P##....≈≈≈≈
..P #...#........≈
....##......... #....
......... #....
.......... .......


You could see an eight-headed hydra (ally target), an electric eel (ally
target), the friendly Garbold the orc knight (strong), the friendly Morguth the
orc knight (strong), a friendly orc sorcerer (strong) and a friendly orc priest
(strong).

Vanquished Creatures
  Gastronok (Lair:1)
  A boulder beetle (Lair:4)
  2 hydras
  2 death yaks (Lair:3)
  The ghost of reversiblehash the Covered, a novice DsFi of Gozag (D:6)
  An ugly thing (Volcano)
  An oklob plant (Lair:3)
  12 elephants
  A black mamba (Lair:2)
  A smoke demon (Volcano)
  A molten gargoyle (Volcano)
  A gargoyle (Volcano)
  8 cane toads
  3 torpor snails
  8 komodo dragons
  3 rime drakes
  2 red devils (Volcano)
  3 polar bears (Lair:4)
  A troll (D:10)
  5 blink frogs (Lair:2)
  A wraith (D:10)
  A wyvern (Lair:4)
  Eustachio (D:4)
  2 fire bats (Volcano)
  20 yaks
  6 water moccasins
  2 ice beasts (D:6)
  3 black bears
  A sky beast (D:8)
  4 boggarts (Lair:4)
  3 ogres
  3 centaurs
  7 wolves
  A kobold brigand (D:10)
  13 bullfrogs
  8 scorpions (Ossuary)
  A wyvern zombie (D:6)
  2 gnoll sergeants
  9 killer bees (D:9)
  A wight (D:6)
  2 electric eels
  8 howler monkeys
  4 centaur zombies
  6 lava snakes (Volcano)
  A centaur skeleton (D:4)
  5 hounds
  3 jellies
  A human zombie (Ossuary)
  An iguana (D:2)
  5 orc wizards
  2 scorpion zombies (Ossuary)
  3 mummies (Ossuary)
  22 gnolls
  2 howler monkey skeletons
  9 adders
  2 white imps
  2 ufetubi
  An adder skeleton (D:4)
  A worm (D:4)
  A dart slug (D:4)
  27 orcs
  8 ball pythons
  2 bats
  6 endoplasms
  2 giant cockroaches (D:3)
  A gnoll zombie (Ossuary)
  6 goblins
  6 hobgoblins
  19 jackals
  4 quokkas
  6 frilled lizards
  2 goblin zombies (Ossuary)
  5 hobgoblin zombies (Ossuary)
  13 kobolds
  2 orc zombies (Ossuary)
  A quokka skeleton (D:4)
  8 rats
  2 bushes (Lair:3)
348 creatures vanquished.

Vanquished Creatures (collateral kills)
  Fannar (Lair:3)
  A hydra (Lair:4)
  4 boulder beetles (Lair:4)
  5 death yaks
  An ugly thing (Volcano)
  An oklob plant (D:10)
  9 elephants
  A centaur zombie (D:9)
  3 black mambas
  Maggie (D:7)
  A gargoyle (D:7)
  A torpor snail (Lair:4)
  2 cane toads (Lair:4)
  A rime drake (Lair:4)
  A polar bear (Lair:4)
  16 yaks
  A wraith (D:10)
  A water moccasin (D:7)
  An ice beast (D:8)
  2 orc warriors
  A wolf (Lair:4)
  A centaur (D:9)
  A phantom (D:7)
  A bullfrog (Lair:5)
  2 killer bees (D:9)
  An electric eel (Lair:5)
  2 howler monkeys (D:7)
  A bullfrog zombie (D:6)
  A hound (D:6)
  2 orc priests
  4 orc wizards
  4 gnolls
  A shadow imp (D:8)
  2 white imps
  3 orcs
  2 kobolds (D:10)
  11 bushes (Lair:3)
94 creatures vanquished.

Vanquished Creatures (others)
  2 orc warriors (Lair:3)
  2 orc knights (Lair:3)
  4 orc priests
  2 orc wizards
  A gnoll (D:5)
  18 orcs
  A bush (Lair:3)
  39 fungi
  100 plants
169 creatures vanquished.

Grand Total: 611 creatures vanquished

Notes
Turn   | Place    | Note
-------+----------+-------------------------------------------
     0 | D:1      | ZARRMARR the Hill Orc Monk began the quest for the Orb.
     0 | D:1      | Reached XP level 1. HP: 19/19 MP: 1/1
   452 | D:1      | Reached XP level 2. HP: 24/27 MP: 2/2
  1267 | D:2      | Reached XP level 3. HP: 31/33 MP: 3/3
  1548 | D:2      | Reached skill level 5 in Axes
  1596 | D:2      | Found a faded altar of an unknown god.
  1879 | D:2      | Reached skill level 1 in Armour
  1879 | D:2      | Reached XP level 4. HP: 18/41 MP: 4/4
  2410 | D:3      | Reached XP level 5. HP: 43/47 MP: 5/5
  3040 | D:3      | Identified a scroll of acquirement
  3042 | D:3      | Acquired 1299 gold pieces
  3081 | D:4      | Reached skill level 6 in Axes
  3107 | D:4      | Noticed Eustachio
  3195 | D:4      | Killed Eustachio
  3196 | D:4      | Reached skill level 5 in Fighting
  3196 | D:4      | Reached skill level 7 in Axes
  3196 | D:4      | Reached skill level 1 in Shields
  3196 | D:4      | Reached XP level 6. HP: 22/56 MP: 6/6
  3294 | D:4      | Found a sand-covered staircase.
  3298 | Ossuary  | Entered an ossuary
  3467 | Ossuary  | Reached XP level 7. HP: 51/61 MP: 7/7
  3651 | Ossuary  | Reached skill level 8 in Axes
  4139 | Ossuary  | Reached XP level 8. HP: 53/69 MP: 8/8
  4233 | Ossuary  | Reached skill level 9 in Axes
  5278 | D:4      | Found a staircase to the Ecumenical Temple.
  5339 | Temple   | Entered the Ecumenical Temple
  5633 | D:5      | Entered Level 5 of the Dungeon
  5656 | D:5      | Reached skill level 5 in Armour
  5793 | D:5      | Became a worshipper of Beogh the Brigand
  5793 | D:5      | Reached * piety under Beogh
  5793 | D:5      | Reached ** piety under Beogh
  5840 | D:5      | Reached skill level 10 in Axes
  6275 | D:5      | Reached *** piety under Beogh
  6422 | D:5      | Reached XP level 9. HP: 76/78 MP: 9/9
  6735 | D:6      | Reached skill level 1 in Invocations
  6795 | D:6      | Reached skill level 11 in Axes
  7475 | D:6      | Found a runed translucent door.
  7479 | D:6      | Noticed reversiblehash's ghost (novice DsFi)
  7767 | D:6      | Found a shadowy altar of Dithmenos.
  8103 | D:6      | Killed reversiblehash's ghost
  8212 | D:7      | Noticed a gargoyle
  8230 | D:7      | Killed a gargoyle
  8341 | D:7      | Reached skill level 12 in Axes
  8416 | D:7      | Noticed Maggie
  8427 | D:7      | Killed Maggie
  8478 | D:7      | Reached XP level 10. HP: 65/88 MP: 13/13
  8716 | D:7      | Reached **** piety under Beogh
  9321 | D:8      | Reached skill level 5 in Invocations
  9776 | D:8      | Identified the +7 long sword of Cozy {vorpal, *Slow rCorr
                  | Dex+6 Stlth+}
 10670 | D:9      | Gained Morguth as an ally
 10819 | D:9      | Reached skill level 13 in Axes
 10891 | D:9      | Reached skill level 5 in Shields
 11310 | D:9      | Found a staircase to the Orcish Mines.
 11322 | D:9      | Reached ***** piety under Beogh
 11495 | D:10     | Entered Level 10 of the Dungeon
 11659 | D:10     | Reached XP level 11. HP: 88/97 MP: 16/16
 11888 | D:10     | Reached skill level 14 in Axes
 11909 | D:10     | Identified the +2 leather armour of Responsibility {+Blink
                  | rPois Int+4 Dex-4}
 12067 | D:10     | Noticed an oklob plant
 12069 | D:10     | Found a staircase to the Lair.
 12087 | D:10     | Killed an oklob plant
 12395 | Lair:1   | Entered Level 1 of the Lair of Beasts
 12403 | Lair:1   | Noticed Gastronok
 12419 | Lair:1   | Killed Gastronok
 12754 | Lair:1   | Found an iron altar of Okawaru.
 12912 | Lair:1   | Reached skill level 10 in Fighting
 12914 | Lair:1   | HP: 2/99 [komodo dragon (21)]
 14416 | Lair:1   | Found an iron altar of Okawaru.
 15189 | Lair:1   | Reached skill level 5 in Maces & Flails
 15846 | Lair:2   | Reached XP level 12. HP: 98/107 MP: 18/18
 16403 | Lair:2   | Found a staircase to the Swamp.
 17123 | Lair:3   | Noticed Fannar
 17190 | Lair:3   | Found a blossoming altar of Fedhas.
 17568 | Lair:3   | Gained Rocco as an ally
 17577 | Lair:3   | Your ally Rocco died
 17579 | Lair:3   | Reached skill level 10 in Invocations
 17619 | Lair:3   | Noticed a six-headed hydra
 17627 | Lair:3   | Killed a six-headed hydra
 17681 | Lair:3   | Killed Fannar
 17689 | Lair:3   | Gained Gorm as an ally
 18377 | Lair:3   | Noticed a death yak
 18379 | Lair:3   | Noticed a death yak
 18379 | Lair:3   | Noticed a death yak
 18380 | Lair:3   | Noticed a death yak
 18382 | Lair:3   | Killed a death yak
 18382 | Lair:3   | Noticed a death yak
 18384 | Lair:3   | Noticed a death yak
 18385 | Lair:3   | Killed a death yak
 18386 | Lair:3   | Killed a death yak
 18391 | Lair:3   | Killed a death yak
 18394 | Lair:3   | Killed a death yak
 18395 | Lair:3   | Reached XP level 13. HP: 46/117 MP: 0/21
 18404 | Lair:3   | Your ally Gorm died
 18406 | Lair:3   | Gained Garbold as an ally
 19159 | Lair:4   | Found a dark tunnel.
 19167 | Volcano  | Entered a volcano
 19716 | Volcano  | Found a bloodstained altar of Trog.
 19721 | Volcano  | Reached skill level 10 in Maces & Flails
 20865 | Lair:4   | Found a staircase to the Snake Pit.
 23045 | Lair:4   | Reached XP level 14. HP: 129/129 MP: 23/23
 23926 | Lair:5   | Slain by an eight-headed hydra

Illustrated notes

Levels and vault maps discovered:
D:1:      dpeg_arrival_signposts, layout_basic
D:2:      wad_lake_hut, layout_rooms,
          hellmonk_ecumenical_altar_pennies_from_heaven
D:3:      layout_basic, kennysheep_cross_room, minmay_tree_intersection,
          minmay_cut_off
D:4:      layout_loops_ring, minmay_temple_entry_antechambers,
          nicolae_ossuary_entry_plus, uniq_eustachio
D:5:      lemuel_castle_with_subvaults [lemuel_castle_interior_carwin_2],
          layout_rooms, nrook_loot_triangle
D:6:      layout_layer_cave, nicolae_dithmenos_through_a_glass_darkly,
          gammafunk_ghost_grave, minmay_misc_feat_tiny,
          hangedman_abyss_or_decor_jellyfish_corner, minmay_diced_spiral
D:7:      layout_cave_pools, uniq_maggie
D:8:      lemuel_ice_spiral_2, layout_basic
D:9:      layout_roguey, orc_0_dummy, minmay_statues_item
D:10:     layout_cave_pools, dpeg_oklobed_lair, serial_rivers,
          chequers_serial_rivers_micro_b, chequers_serial_rivers_micro_b,
          chequers_serial_rivers_micro_d, chequers_serial_rivers_small_3,
          chequers_serial_rivers_micro_d, chequers_serial_rivers_micro_a
Temple:   nicolae_temple_the_god_donut
Lair:1:   layout_cave_shapes, basic_altar, beast_lair_carwin_11,
          infiniplex_staircase_pool, uniq_gastronok
Lair:2:   layout_regular_city, swamp_mist
Lair:3:   layout_misc_corridors, tgw_fedhas, uniq_fannar
Lair:4:   nzn_winding_woodlands_large [nzn_winding_woodlands_5x5_default,
          nzn_winding_woodlands_5x15_crooked,
          nzn_winding_woodlands_5x5_closed_star,
          nzn_winding_woodlands_center_garden,
          nzn_winding_woodlands_15x15_thick_spiral,
          nzn_winding_woodlands_center_lodge, nzn_winding_woodlands_5x5_three,
          nzn_winding_woodlands_5x15_garden, nzn_winding_woodlands_hourglass],
          layout_gridlike, nicolae_volcano_entry_hallway,
          kilobyte_rumbling_trees
Lair:5:   pond_and_an_island_with_a_cottage, layout_regular_city,
          nzn_random_ring, serial_bayou_shore_b

Skill      XL: |  1  2  3  4  5  6  7  8  9 10 11 12 13 |
---------------+----------------------------------------+-----
Fighting       | 4 5 6 7 9 10 11 13 | 13.7
Axes           | 5 7 8 10 12 13 14 | 14.0
Armour         | 1 2 3 4 5 6 7 8 9 |  9.9
Shields        | 1 2 3 4 5 6 7 |  7.7
Invocations    | 4 6 9 10 12 | 12.5
Maces & Flails | 5 9 12 | 12.2
Dodging        | |  2.6
Stealth        | |  1.7

Action                   |  1- 3 |  4- 6 |  7- 9 | 10-12 | 13-15 || total
-------------------------+-------+-------+-------+-------+-------++-------
Melee: Hand axe          |   121 |   194 |   567 |   351 |       ||  1233
       Morningstar       |       |       |       |   351 |   326 ||   677
Throw: Boomerang         |       |       |     3 |    15 |    23 ||    41
       Dart              |       |       |       |    16 |       ||    16
Invok: Convert to Beogh  |       |       |     1 |       |       ||     1
       Recall Orcish Fol |       |       |       |     8 |       ||     8
       Smiting           |       |       |       |     7 |    12 ||    19
  Use: Scroll            |       |     5 |     3 |    10 |     7 ||    25
       Potion            |       |     3 |     1 |     4 |     2 ||    10
 Stab: Sleeping          |     6 |       |       |       |       ||     6
       Distracted        |       |       |     1 |     4 |     5 ||    10
       Paralysed         |       |       |       |       |     4 ||     4
Armor: Robe              |     5 |       |       |       |       ||     5
       Plate armour      |    61 |   222 |   304 |       |       ||   587
       Swamp dragon scal |       |       |     1 |   289 |    98 ||   388
Dodge: Dodged            |    42 |    86 |   155 |   354 |   143 ||   780
Block: Buckler           |       |    35 |   109 |   173 |    71 ||   388
